 Dungeon Crawl Stone Soup version 0.26.1-2-gb8aa6d0cf2 (webtiles) character file.

Game seed: 12019144071093825330

5415 Hanon the Changer (level 10, -2/80 HPs)
             Began as a Demigod Transmuter on Feb 28, 2021.
             Slain by a troll (12 damage)
             ... on level 8 of the Dungeon on Mar 8, 2021.
             The game lasted 00:25:54 (13707 turns).

Hanon the Changer (Demigod Transmuter)             Turns: 13707, Time: 00:25:54

Health: -2/80      AC:  2    Str: 13    XL:     10   Next: 17%
Magic:  22/22      EV: 24    Int: 23    God:
Gold:   672        SH:  0    Dex: 21    Spells: 5/20 levels left

rFire    . . .     SeeInvis .     - Unarmed
rCold    + . .     Faith    .   (shield currently unavailable)
rNeg     . . .     Spirit   .   (armour currently unavailable)
rPois    x         Reflect  .   (helmet currently unavailable)
rElec    .         Harm     .   (cloak currently unavailable)
rCorr    .         Rampage  .   (gloves currently unavailable)
Will     +....                  (boots currently unavailable)
Stlth    ++........             (no amulet)
HPRegen  0.23/turn              E - ring of protection from cold
MPRegen  0.18/turn              (no ring)

@: spider-form
A: tiny, high mp 1
a: End Transformation


You were on level 8 of the Dungeon.
You were a venomous arachnid creature.
You visited 2 branches of the dungeon, and saw 10 of its levels.

You collected 672 gold pieces.

Inventory:

Missiles
 q - 3 throwing nets
 z - 3 curare-tipped darts
Armour
 a - a +1 robe
 e - a +0 pair of boots
 h - a +0 hat (melded)
 l - +0 ice dragon scales
 w - a +0 pair of boots (melded)
 B - a cursed +0 buckler
 C - +0 steam dragon scales (melded)
 H - a +1 ring mail of cold resistance
Jewellery
 E - a ring of protection from cold (left front leg)
Wands
 g - a wand of acid (8)
 x - a wand of flame (12)
 F - a wand of polymorph (13)
 J - a wand of paralysis (9)
Scrolls
 d - 4 scrolls of teleportation
 f - 4 scrolls of enchant armour
 p - 5 scrolls of magic mapping
 r - 2 scrolls of amnesia
 t - a scroll of noise {unknown}
 u - a scroll of torment {unknown}
 y - a scroll of blinking {unknown}
 A - 7 scrolls of identify
 D - 2 scrolls of remove curse {unknown}
 K - a scroll of enchant weapon
 L - a scroll of summoning {unknown}
Potions
 b - a potion of cancellation {unknown}
 c - a potion of degeneration
 i - 3 potions of lignification
 k - 2 potions of haste
 m - a potion of ambrosia {unknown}
 n - a potion of heal wounds {unknown}
 o - 2 potions of berserk rage {unknown}
 s - 3 potions of brilliance {unknown}
 v - a potion of flight {unknown}
 G - 4 potions of curing
 I - a potion of invisibility {unknown}


   Skills:
 + Level 4.4 Fighting
 + Level 5.2 Dodging
 - Level 0.1 Stealth
 + Level 2.8 Shields
 * Level 6.9 Unarmed Combat
 + Level 5.8 Spellcasting
 + Level 6.9 Transmutations
 - Level 3.0 Ice Magic
 - Level 3.0 Poison Magic
 - Level 2.0 Evocations


You had 5 spell levels left.
You knew the following spells:

 Your Spells              Type           Power        Failure   Level
a - Beastly Appendage     Tmut           76%          3%          1
b - Wereblood             Tmut           38%          4%          2
c - Spider Form           Tmut/Pois      14%          12%         3
d - Ice Form              Ice/Tmut       29%          28%         4
e - Blade Hands           Tmut           19%          32%         5

Your spell library contained the following spells:

 Spells                   Type           Power        Failure   Level
 Ensorcelled Hibernation  Hex/Ice        26%          19%         2
 Corona                   Hex            6%           22%         1
 Summon Small Mammal      Summ           24%          22%         1
 Call Imp                 Summ           6%           30%         2
 Call Canine Familiar     Summ           6%           47%         3
 Confusing Touch          Hex            6%           47%         3
 Dazzling Flash           Conj/Hex       12%          47%         3
 Summon Guardian Golem    Hex/Summ       6%           47%         3
 Tukima's Dance           Hex            6%           47%         3
 Summon Ice Beast         Ice/Summ       13%          65%         4
 Summon Lightning Spire   Summ/Air       6%           83%         4


Dungeon Overview and Level Annotations

Branches:
Dungeon (9/15)             Temple (1/1) D:4
   Lair: D:8-11         Orc: D:9-12


Innate Abilities, Weirdness & Mutations

You have an increased reservoir of magic. (+10% MP)


Message History

You kill the orc!
The troll misses you. The troll completely misses you. The troll misses you.
The bullfrog misses you.
An orc comes into view. It is wielding a +0 club.
The orc shouts!
You hear a shout! x2
An orc wizard comes into view. It is wielding a +0 hand axe.
The bullfrog hits you.
There is a stone staircase leading up here.
You see here an arrow.
There are monsters nearby!
The troll completely misses you. The troll claws you. The troll misses you.
The bullfrog misses you.
You climb upwards.
There is a stone staircase leading down here.
The bullfrog hits you. The troll bites you! The troll completely misses you.
The troll claws you!
* * * LOW HITPOINT WARNING * * *
The bullfrog closely misses you. The troll bites you!
You die...

#.# #.# #.#
#.#################
#...............).##
...####.###.#####..#
..........#.# #..#
...####...#.#####F.#
................s.>#
............#####T.#
...#.#......# #..#
............#####..########
..........................#
..#..##...#..#####.########
...................# ###
#.....##..)#.##....# #.#
.............##..#.###.#


You could see a troll and a bullfrog.

Vanquished Creatures
  Maggie (D:7)
  4 yaks
  A wyvern (D:9)
  Menkaure (D:5)
  3 orc warriors
  A black bear (D:7)
  An eye of draining (D:9)
  4 ice beasts
  2 phantoms
  A necrophage (D:7)
  4 ogres
  3 centaurs
  2 big kobolds (D:8)
  3 bullfrogs (D:7)
  2 gnoll sergeants (D:6)
  A scorpion (D:9)
  4 killer bees (D:8)
  A howler monkey (D:7)
  An electric eel (D:6)
  2 bullfrog zombies
  9 hounds
  10 orc wizards
  A quasit (D:6)
  7 orc priests
  A jelly (D:7)
  4 bullfrog skeletons
  A gnoll shaman (D:6)
  An iguana (D:6)
  Natasha (thrice) (D:2)
  7 worker ants
  A hound zombie (D:7)
  A hound skeleton (D:7)
  A worker ant zombie (D:2)
  A howler monkey zombie (D:8)
  11 gnolls
  8 adders
  A shadow imp (D:6)
  4 white imps
  2 ufetubi
  2 oozes
  2 adder skeletons
  An adder zombie (D:9)
  2 worms (D:2)
  2 dart slugs (D:1)
  6 leopard geckos
  29 orcs
  5 ball pythons
  6 giant cockroaches
  15 hobgoblins
  2 jackals (D:5)
  A quokka (D:6)
  9 bats
  7 frilled lizards
  9 goblins
  19 kobolds
  5 rats
238 creatures vanquished.

Vanquished Creatures (collateral kills)
  2 yaks (D:9)
2 creatures vanquished.

Vanquished Creatures (others)
  An orc (D:6)
  45 plants (D:6)
46 creatures vanquished.

Grand Total: 286 creatures vanquished

Notes
Turn   | Place    | Note
-------+----------+-------------------------------------------
     0 | D:1      | Hanon the Demigod Transmuter began the quest for the Orb.
     0 | D:1      | Reached XP level 1. HP: 15/15 MP: 5/5
   190 | D:1      | Reached XP level 2. HP: 16/22 MP: 5/7
   193 | D:1      | Learned a level 2 spell: Wereblood
   590 | D:1      | Reached skill level 1 in Fighting
   845 | D:1      | Reached XP level 3. HP: 21/28 MP: 6/8
   849 | D:1      | Learned a level 3 spell: Spider Form
  1757 | D:2      | Noticed Natasha
  1765 | D:2      | Killed Natasha
  1766 | D:2      | Reached XP level 4. HP: 10/35 MP: 8/10
  2015 | D:2      | Noticed Natasha
  2097 | D:2      | Killed Natasha
  2098 | D:2      | Reached skill level 1 in Poison Magic
  2261 | D:2      | Found a hide-covered altar of Uskayaw.
  2442 | D:2      | Reached XP level 5. HP: 41/41 MP: 11/11
  2582 | D:2      | Noticed Natasha
  2589 | D:2      | Killed Natasha
  3705 | D:4      | Reached XP level 6. HP: 10/48 MP: 9/13
  3951 | D:4      | Found a staircase to the Ecumenical Temple.
  3964 | Temple   | Entered the Ecumenical Temple
  3972 | D:4      | Learned a level 4 spell: Ice Form
  3978 | D:4      | Found a bloodstained altar of Trog.
  4973 | D:5      | Entered Level 5 of the Dungeon
  5035 | D:5      | Reached skill level 1 in Ice Magic
  5035 | D:5      | Reached XP level 7. HP: 31/56 MP: 11/14
  5299 | D:5      | Found a radiant altar of Vehumet.
  5305 | D:5      | Found an opulent altar of Gozag.
  5306 | D:5      | Found a hazy altar of Hepliaklqana.
  5597 | D:5      | Noticed Menkaure
  5755 | D:5      | Killed Menkaure
  7057 | D:6      | Reached XP level 8. HP: 49/63 MP: 12/16
  7849 | D:6      | Reached skill level 5 in Unarmed Combat
  8178 | D:6      | Learned a level 5 spell: Blade Hands
  8603 | D:6      | Found a shadowy altar of Dithmenos.
  9139 | D:6      | Reached skill level 5 in Transmutations
  9894 | D:7      | Found an iron altar of Okawaru.
  9900 | D:7      | Noticed Maggie
  9911 | D:7      | Reached skill level 5 in Spellcasting
  9923 | D:7      | Reached XP level 9. HP: 38/69 MP: 16/20
  9935 | D:7      | Killed Maggie
 10432 | D:7      | Reached skill level 1 in Evocations
 10521 | D:7      | Reached skill level 1 in Shields
 12073 | D:8      | Found a broken altar of Ashenzari.
 12851 | D:9      | Reached skill level 5 in Dodging
 12851 | D:9      | Reached XP level 10. HP: 70/78 MP: 22/22
 13334 | D:9      | HP: 4/80 [bullfrog (1)]
 13707 | D:8      | Slain by a troll

Illustrated notes

Levels and vault maps discovered:
D:1:      psy_arrival_statuary, layout_loops_ring
D:2:      layout_loops_ring, eat_drink_and_be_merry_uskayaw, uniq_natasha
D:3:      minmay_inner_zag, layout_basic, serial_glass, glass_columns_a,
          glass_columns_a, trog_hazing_becter
D:4:      layout_loops_ring, minmay_temple_entry_offerings, st_stairs_13,
          grunt_ministairs_14, lemuel_altar_in_water
D:5:      layout_rooms, grunt_temple_overflow_open, minivault_5, uniq_menkaure
D:6:      kennysheep_housing_project, layout_basic, nicolae_lava_and_water,
          grunt_dithmenos_smoke_and_mirrors
D:7:      layout_basic, kennysheep_okawaru_gauntlet, uniq_maggie
D:8:      layout_basic, ashenzari_altar_1
D:9:      layout_cave_pools, minitemple, erik_orc_4
Temple:   nicolae_temple_no_exploring_needed

Skill      XL: |  1  2  3  4  5  6  7  8  9 |
---------------+----------------------------+-----
Unarmed Combat | 3 4 6 |  6.9
Spellcasting   | 2 3 5 |  5.8
Dodging        | 2 3 4 5 |  5.2
Transmutations | 2 3 4 5 6 |  6.9
Fighting       | 1 2 3 4 |  4.4
Poison Magic   | 1 2 3 |  3.0
Ice Magic      | 1 2 3 |  3.0
Evocations     | 2 |  2.0
Shields        | 2 |  2.8
Stealth        | |  0.1

Action                   |  1- 3 |  4- 6 |  7- 9 | 10-12 || total
-------------------------+-------+-------+-------+-------++-------
Melee: Unarmed           |    91 |   190 |   408 |    64 ||   753
       Kick              |    21 |    42 |     2 |       ||    65
       Headbutt          |    14 |    21 |     2 |       ||    37
       Punch             |       |     1 |       |       ||     1
 Cast: Beastly Appendage |    37 |    41 |     1 |       ||    79
       Wereblood         |       |     4 |    15 |     2 ||    21
       Spider Form       |       |     6 |    57 |     6 ||    69
       Ice Form          |       |       |     1 |       ||     1
 Abil: End Transformatio |     1 |     1 |     1 |       ||     3
Evoke: Wand              |       |       |    14 |     2 ||    16
  Use: Scroll            |       |    12 |     1 |     2 ||    15
       Potion            |       |     1 |     1 |       ||     2
 Stab: Sleeping          |     6 |     1 |     1 |       ||     8
Armor: Robe              |    13 |    28 |     2 |       ||    43
       Skin              |       |     3 |    24 |       ||    27
       Steam dragon scal |       |       |     3 |       ||     3
Dodge: Dodged            |    45 |   149 |   430 |    77 ||   701
